Map: Triton LE

Players

soO - Winner!

  • Race: Zerg Zerg
  • League: Master
  • Spawn Location: 5:00

Lambo

  • Race: Zerg Zerg
  • League: Grandmaster
  • Spawn Location: 11:00

Event: HomeStory Cup XX

VOD

Have the link to the VOD?

Description

Time

  • Played on: Nov. 22, 2019, 9:34 a.m.
  • Length: 5:35

All games in this series

Show
View Real Time Build Order
Export as new Build Order

soO Zerg - Winner!

Build Orders: Hatch First 

Get SALT Encoding   

  12  0:00  Drone  
  13  0:11  Overlord  
  13  0:16  Drone  
  14  0:30  Drone x2  
  16  0:47  Hatchery  
  15  0:50  Drone  
  15  0:54  Drone  
  17  0:57  Drone  
  18  1:07  Extractor  
  17  1:12  Spawning Pool  
  17  1:16  Drone  
  17  1:19  Drone  
  18  1:27  Drone  
  19  1:39  Drone  
  20  1:48  Overlord  
  20  1:59  Queen x2, Drone  
  20  2:00  Zergling x2  
  26  2:10  Drone x2  
  28  2:21  Drone x2  
  30  2:27  Metabolic Boost  
  30  2:33  Overlord  
  30  2:34  Queen  
  32  2:40  Drone  
  32  2:42  Drone  
  32  2:43  Drone  
  35  2:53  Drone x2  
  35  2:57  Evolution Chamber  
  36  3:00  Roach Warren  
  36  3:04  Overlord  
  36  3:05  Drone  
  36  3:09  Drone  
  36  3:10  Drone  
  38  3:13  Drone  
  38  3:14  Zergling x6  
  38  3:18  Zergling x4  
  44  3:24  Zerg Missile Weapons Level 1  
  44  3:27  Zergling x2  
  44  3:28  Zergling x2  
  46  3:37  Zergling x2  
  46  3:39  Zergling x2  
  48  3:44  Evolution Chamber  
  48  3:47  Zergling x10  
  52  3:50  Overlord  
  52  3:56  Overlord  
  52  4:04  Lair, Overlord  
  52  4:08  Zergling x4  
  54  4:15  Zergling x2  
  55  4:17  Zergling x2  
  55  4:24  Zergling x12  
  62  4:27  Drone  
  62  4:30  Extractor  
  62  4:31  Drone  
  63  4:39  Hatchery  
  58  4:46  Drone x2  
  58  4:49  Roach  
  58  4:50  Roach x2  
  58  4:51  Roach  
  64  4:53  Roach  
  64  4:54  Roach  
  64  4:56  Drone  
  64  4:59  Drone  
  70  5:03  Drone  
  69  5:08  Roach  
  69  5:13  Roach  
  75  5:30  Extractor  
Show
View Real Time Build Order
Export as new Build Order

Lambo Zerg 

Build Orders: Hatch First 

Get SALT Encoding   

  12  0:00  Drone  
  13  0:13  Overlord  
  13  0:17  Drone  
  14  0:31  Drone x2  
  16  0:48  Hatchery  
  15  0:51  Drone  
  15  0:54  Drone  
  17  0:58  Drone  
  18  1:09  Extractor  
  17  1:13  Spawning Pool  
  17  1:16  Drone  
  17  1:20  Drone  
  18  1:28  Drone  
  19  1:39  Drone  
  20  1:49  Drone  
  21  1:59  Queen  
  21  2:00  Zergling x2, Queen  
  21  2:01  Overlord  
  26  2:09  Metabolic Boost  
  26  2:11  Drone x2  
  28  2:21  Drone  
  28  2:22  Drone  
  30  2:34  Hatchery  
  30  2:35  Drone  
  30  2:42  Drone  
  30  2:43  Overlord  
  31  2:49  Drone  
  32  2:54  Evolution Chamber  
  32  2:57  Drone x2  
  33  3:04  Zergling x2  
  34  3:05  Drone  
  34  3:07  Drone x4  
  34  3:09  Zergling x2  
  34  3:11  Zergling x2  
  40  3:20  Zerg Missile Weapons Level 1  
  40  3:23  Roach Warren  
  40  3:27  Zergling x2  
  40  3:28  Zergling x2  
  40  3:30  Drone  
  40  3:32  Overlord  
  42  3:40  Drone  
  43  3:43  Overlord  
  43  3:45  Queen  
  43  3:46  Drone  
  43  3:48  Drone x2  
  48  3:51  Drone  
  48  3:52  Drone  
  48  3:54  Drone  
  52  3:55  Drone  
  52  4:00  Lair  
  52  4:02  Drone  
  53  4:06  Extractor  
  53  4:08  Extractor, Drone x2  
  53  4:10  Zergling x4  
  53  4:13  Roach  
  53  4:15  Roach  
  59  4:19  Roach x2  
  59  4:23  Drone x2  
  65  4:32  Evolution Chamber  
  65  4:33  Zergling x2  
  65  4:37  Overlord  
  65  4:40  Overlord  
  65  4:41  Overlord  
  65  4:43  Zergling x2  
  65  4:44  Overlord  
  61  4:47  Zergling x8  
  61  4:50  Roach  
  61  4:52  Roach  
  59  4:59  Roach x2  
  59  5:03  Zergling x2  
  61  5:08  Ravager  
  61  5:09  Zergling x2, Roach  
  61  5:13  Roach  
  62  5:17  Ravager  
Tags
 
Add a new tag
Caveats
  • Supply blocks, unpowered buildings, or Contaminate may cause inaccurate times.
  • Supply counts are checked every 10 seconds.